 Dungeon Crawl Stone Soup version 0.31-a0-1019-g3dd9dd1025 (webtiles) character file.

Game seed: 1868493188396326090

132701 ChronoRanger the Slayer (level 16, -9/167 HPs)
             Began as a Minotaur Fighter on Nov 17, 2023.
             Was the Champion of Okawaru.
             Killed from afar by a shock serpent (17 damage)
             ... with a bolt of electricity
             ... on level 3 of the Snake Pit.
             The game lasted 00:53:53 (26555 turns).

ChronoRanger the Slayer (Minotaur Fighter)         Turns: 26555, Time: 00:53:53

Health: -9/167     AC: 30    Str: 28    XL:     16   Next: 58%
Magic:  8/15       EV: 12    Int:  5    God:    Okawaru [******]
Gold:   3265       SH: 19    Dex: 11    Spells: 15/15 levels left

rFire   . . .        Q - +6 demon trident (elec)
rCold   . . .        T - +1 kite shield {AC+3}
rNeg    + . .        u - +3 plate armour {rN+}
rPois   +            (helmet restricted)
rElec   .            B - +1 cloak
rCorr   .            j - +0 pair of gloves
SInv    .            K - +0 pair of boots
Will    +....        v - amulet of reflection Stlth
                     A - ring of poison resistance
HPRegen 0.47/turn    S - +4 ring of slaying
MPRegen 0.14/turn

%: reflection
@: marked
A: horns 2, retaliatory headbutt
a: Renounce Religion, Heroism, Finesse, Duel, Receive Armour


You were on level 3 of the Snake Pit.
You worshipped Okawaru.
Okawaru was exalted by your worship.
You visited 6 branches of the dungeon, and saw 25 of its levels.
You also visited: Sewer and Gauntlet.

You collected 3265 gold pieces.

Inventory:

Hand Weapons
 a - a +0 trident of freezing
 I - a +1 vampiric trident
 Q - a +6 demon trident of electrocution (weapon)
Missiles
 R - a datura-tipped dart
Armour
 c - a +0 buckler
 j - a +0 pair of gloves (worn)
 u - a +3 plate armour of positive energy (worn)
 B - a +1 cloak (worn)
 K - a +0 pair of boots (worn)
 T - a +1 kite shield of protection (worn)
Jewellery
 b - a ring of flight
 v - an amulet of reflection (around neck)
 y - a +4 ring of protection
 A - a ring of poison resistance (left hand)
 M - a +6 ring of strength
 S - a +4 ring of slaying (right hand)
Wands
 l - a wand of mindburst (7)
 D - a wand of charming (12)
 E - a wand of roots (15)
 F - a wand of quicksilver (3)
 H - a wand of flame (26)
 N - a wand of digging (5)
 P - a wand of polymorph (11)
Scrolls
 e - a scroll of acquirement
 f - 2 scrolls of blinking
 h - 6 scrolls of revelation
 k - a scroll of silence
 m - 3 scrolls of amnesia
 s - 6 scrolls of teleportation
 w - 4 scrolls of identify
 G - 2 scrolls of summoning
 J - 4 scrolls of poison
 O - 4 scrolls of fear
 U - 2 scrolls of enchant armour
Potions
 d - 4 potions of might
 g - 7 potions of curing
 i - 2 potions of resistance
 n - a potion of berserk rage
 o - 2 potions of invisibility
 p - 7 potions of heal wounds
 q - 3 potions of haste
 r - 2 potions of brilliance
 t - 5 potions of magic
 x - 5 potions of mutation
 z - 4 potions of enlightenment
 C - 6 potions of lignification
 L - a potion of cancellation


   Skills:
 * Level 21.4 Fighting
 - Level 14.0 Polearms
 + Level 17.4 Armour
 + Level 12.3 Dodging
 - Level 15.0 Shields


You had 15 spell levels left.
You didn't know any spells.
Your spell library contained the following spells:

 Spells                   Type           Power      Damage    Failure   Level
 Kiss of Death            Conj/Necr      0%         2d5       98%         1
 Shock                    Conj/Air       0%         1d3       98%         1
 Lesser Beckoning         Tloc           0%         N/A       99%         2
 Static Discharge         Conj/Air       0%         3-3/arc   99%         2
 Wereblood                Tmut           0%         N/A       99%         2
 Confusing Touch          Hex            0%         N/A       100%        3
 Gell's Gravitas          Tloc           0%         N/A       100%        3
 Swiftness                Air            0%         N/A       100%        3
 Teleport Other           Tloc           0%         N/A       100%        3
 Airstrike                Air            0%         2d(0-16)  100%        4
 Dispel Undead            Necr           0%         3d6       100%        4
 Leda's Liquefaction      Hex/Erth       0%         N/A       100%        4
 Irradiate                Conj/Tmut      0%         3d11      100%        5
 Lee's Rapid Deconstruct  Erth           0%         3d4*      100%        5
 Bombard                  Conj/Erth      0%         9d1       100%        6
 Chain Lightning          Conj/Air       0%         N/A       100%        9
 Fire Storm               Conj/Fire      0%         5d1       100%        9
 Shatter                  Erth           0%         3d5*      100%        9
 Summon Lightning Spire   Summ/Air       Unusable   N/A       N/A         4

Dungeon Overview and Level Annotations

Branches:
Dungeon (11/15)            Temple (1/1) D:6            Lair (5/5) D:10
  Swamp (3/4) Lair:2        Snake (3/4) Lair:3        Slime (0/5) Lair:5
    Orc (2/2) D:11            Elf (0/3) Orc:2         Sewer (visited)
Gauntlet (visited)

Altars:
Ashenzari
Cheibriados
Dithmenos
Fedhas
Gozag
Hepliaklqana
Kikubaaqudgha
Makhleb
Nemelex Xobeh
Okawaru
Qazlal
Ru
Sif Muna
Trog
Uskayaw
Vehumet
Wu Jian
Xom
Yredelemnul
Zin
The Shining One
Jiyva

Shops:
Orc:1 *   Orc:2 :(:[


Innate Abilities, Weirdness & Mutations

You have a pair of horns on your head.
You reflexively headbutt those who attack you in melee.


Message History

The salamander closely misses you.
A salamander comes into view.
You block the shock serpent's attack.
You impale the shock serpent!!
You kill the shock serpent!
Okawaru accepts your kill.
The air sparks with electricity, shocking you!
The shock serpent shoots out a bolt of lightning at you!
The bolt of electricity hits you.
* * * LOW HITPOINT WARNING * * *
The bolt of electricity hits you!!
* * * LOW HITPOINT WARNING * * *
The bolt of electricity hits the shock serpent.
The shock serpent completely resists.
The bolt of electricity hits the naga ritualist!!
The naga ritualist dies!
You block the naga's attack. The naga constricts you.
A naga comes into view. It is wielding a +0 flail.
A naga mage comes into view. It is wielding a +0 club.
You escape the naga's grasp.
The shock serpent shoots out a bolt of lightning at you!
The bolt of electricity hits you!
* * * LOW HITPOINT WARNING * * *
The bolt of electricity hits you!!
* * * LOW HITPOINT WARNING * * *
A black mamba comes into view. x2
You block the naga's attack.
The shock serpent attacks as it pursues you!
The shock serpent bites you but does no damage.
A black mamba comes into view.
The naga attacks as it pursues you! You block the naga's attack.
The shock serpent attacks as it pursues you!
You block the shock serpent's attack.
The naga mage gestures wildly while chanting.
The naga mage seems to speed up.
The naga mage gestures wildly while chanting.
The naga mage seems to speed up.
The shock serpent shoots out a bolt of lightning at you!
The bolt of electricity hits you!
You die...

#....# #.# ... #?... #.###....
###... ###........ #. #....#
###....##.... #.
##....###.....##..#
####.###.................#
##..............#.........###
##.............####.##S........
#...............@S..N.S.......#
#......†....######S###.#####..#
#........)..# #N.N)N.####..##
##....)..).## #..##NN.N†......
##...#)).## #....N.N#.$....##.
####.#)†### #....####...^..#
.......<.# #....# #..$...#
.........# ###..# #N†....#
.........# #.## #S).......


You could see a salamander, a shock serpent, 3 black mambas, 2 naga magi and a
naga.

Vanquished Creatures
  Kirke (Lair:4)
  The ghost of ChronoRanger the Slayer, a journeyman MiFi of Okawaru (Swamp:3)
  Roxanne (Swamp:3)
  A dire elephant (Gauntlet)
  A minotaur (Gauntlet)
  2 eleionomae
  3 bunyips
  A catoblepas (Lair:2)
  A boulder beetle (Lair:2)
  2 ghost crabs
  7 hydras
  Erolcha (D:9)
  A salamander tyrant (Snake:2)
  8 anacondas
  5 alligators
  3 two-headed ogres
  8 death yaks
  6 naga warriors
  The ghost of mojasp the Martial Artist, a novice DsSh of Nemelex Xobeh (D:9)
  6 naga sharpshooters
  Urug (Lair:4)
  3 orc high priests (Orc:2)
  5 shock serpents
  Nergalle (Lair:2)
  A fire crab (Lair:2)
  3 goliath frogs
  2 glowing orange brains (Gauntlet)
  2 spriggan druids (Lair:2)
  4 bog bodies
  4 swamp dragons
  A naga ritualist (Snake:1)
  5 orc knights
  2 oklob plants
  3 ugly things
  9 mana vipers
  A deep elf pyromancer (D:11)
  A cyclops (D:11)
  4 orc sorcerers (Orc:2)
  2 will-o-the-wisps
  A manticore (D:11)
  13 elephants
  4 salamanders
  24 black mambas
  8 naga magi
  2 torpor snails
  A gargoyle (D:11)
  Psyche (D:8)
  18 cane toads
  A freezing wraith (D:11)
  3 kobold demonologists (D:11)
  5 rime drakes
  7 komodo dragons
  6 tyrant leeches
  9 polar bears
  9 trolls
  12 hornets
  19 blink frogs
  11 dream sheep
  5 flying skulls (Gauntlet)
  21 spriggans
  A slime creature (D:11)
  A wraith (D:10)
  2 humans (Lair:4)
  6 wyverns
  42 yaks
  3 basilisks
  2 hogs (Lair:4)
  A vampire mosquito (D:11)
  A steam dragon (D:7)
  15 nagas
  3 wargs
  8 swamp worms
  2 acid dragons (D:11)
  18 water moccasins
  2 swamp drakes
  21 orc warriors
  An ice beast (D:6)
  4 sky beasts
  3 black bears
  7 ogres
  4 boggarts (Lair:5)
  45 wolves
  8 centaurs
  5 kobold brigands
  10 bullfrogs
  3 gnoll sergeants
  4 scorpions
  13 wights
  5 killer bees
  An electric eel (Lair:3)
  A vampire bat (Lair:5)
  10 howler monkeys
  A crimson imp (D:8)
  21 orc priests
  6 hounds
  3 jellies (D:6)
  Crazy Yiuf (D:4)
  4 iguanas
  20 orc wizards
  7 hell rats
  18 gnolls
  5 adders
  A river rat (D:3)
  A white imp (D:5)
  2 ufetubi (D:7)
  4 worms
  3 dart slugs
  59 orcs
  10 bats
  5 endoplasms
  3 giant cockroaches
  5 goblins
  6 hobgoblins
  3 jackals (D:3)
  39 kobolds
  5 quokkas
  11 ball pythons
  9 frilled lizards
  13 rats
811 creatures vanquished.

Vanquished Creatures (others)
  A naga ritualist (Snake:3)
  2 bloated husks (Swamp:2)
  2 orc wizards
  2 foxfires (Swamp:1)
7 creatures vanquished.

Grand Total: 818 creatures vanquished

Notes
Turn   | Place    | Note
-------+----------+-------------------------------------------
     0 | D:1      | ChronoRanger the Minotaur Fighter began the quest for the
                  | Orb.
     0 | D:1      | Reached XP level 1. HP: 19/19 MP: 0/0
   151 | D:1      | Reached XP level 2. HP: 27/27 MP: 1/1
   682 | D:2      | Reached skill level 4 in Fighting
   682 | D:2      | Reached XP level 3. HP: 30/33 MP: 2/2
  1192 | D:3      | Reached XP level 4. HP: 40/40 MP: 3/3
  1254 | D:3      | Identified the +1 ring mail of Least Resistance {Regen+
                  | rCorr Stlth+}
  1540 | D:3      | Found a glowing drain.
  1572 | Sewer    | Entered a sewer
  1700 | Sewer    | Reached XP level 5. HP: 43/47 MP: 4/4
  2229 | D:3      | Found a sacrificial altar of Ru.
  2333 | D:4      | Reached skill level 5 in Polearms
  2409 | D:4      | Reached XP level 6. HP: 55/55 MP: 5/5
  2455 | D:4      | Reached skill level 5 in Fighting
  2455 | D:4      | Reached skill level 5 in Armour
  2455 | D:4      | Reached skill level 5 in Shields
  2800 | D:4      | Found a runed translucent door.
  2801 | D:4      | Noticed Crazy Yiuf
  3112 | D:4      | Killed Crazy Yiuf
  3190 | D:5      | Entered Level 5 of the Dungeon
  3265 | D:5      | Reached XP level 7. HP: 39/61 MP: 6/6
  3985 | D:6      | Reached skill level 6 in Fighting
  4008 | D:6      | Reached XP level 8. HP: 32/70 MP: 7/7
  4273 | D:6      | Found a stormy altar of Qazlal.
  4392 | D:6      | Found a shimmering blue altar of Sif Muna.
  4532 | D:6      | Found an opulent altar of Gozag.
  4596 | D:6      | Reached skill level 7 in Fighting
  4780 | D:6      | Reached XP level 9. HP: 79/79 MP: 8/8
  4836 | D:6      | Found a staircase to the Ecumenical Temple.
  4851 | Temple   | Entered the Ecumenical Temple
  4877 | Temple   | Became a worshipper of Warmaster Okawaru
  4979 | D:6      | Found a glowing golden altar of the Shining One.
  5320 | D:7      | Found a bloodstained altar of Trog.
  5331 | D:7      | Reached skill level 10 in Polearms
  5425 | D:7      | Reached * piety under Okawaru
  5537 | D:7      | Reached skill level 8 in Fighting
  6301 | D:7      | Identified a scroll of acquirement
  6301 | D:7      | Acquired 1024 gold pieces
  6384 | D:8      | Noticed Psyche
  6390 | D:8      | Killed Psyche
  6390 | D:8      | Reached ** piety under Okawaru
  6400 | D:8      | Reached XP level 10. HP: 90/90 MP: 9/9
  6775 | D:8      | Reached *** piety under Okawaru
  6790 | D:8      | Reached skill level 9 in Fighting
  6920 | D:8      | Found a burning altar of Makhleb.
  6921 | D:8      | Found a radiant altar of Vehumet.
  7227 | D:9      | Noticed Erolcha
  7239 | D:9      | Killed Erolcha
  7273 | D:9      | Found a runed translucent door.
  7276 | D:9      | Noticed mojasp's ghost (novice DsSh)
  7335 | D:9      | Reached **** piety under Okawaru
  7798 | D:9      | Found a blossoming altar of Fedhas.
  7831 | D:9      | Noticed a two-headed ogre
  7840 | D:9      | Killed a two-headed ogre
  7840 | D:9      | Reached ***** piety under Okawaru
  7841 | D:9      | Reached XP level 11. HP: 73/99 MP: 10/10
  8345 | D:9      | Killed mojasp's ghost
  8346 | D:9      | Reached skill level 10 in Armour
  8346 | D:9      | Reached skill level 10 in Shields
  8387 | D:10     | Entered Level 10 of the Dungeon
  8401 | D:10     | Reached skill level 10 in Fighting
  8722 | D:10     | Found a staircase to the Lair.
  9081 | Lair:1   | Entered Level 1 of the Lair of Beasts
  9191 | Lair:1   | Received a gift from Okawaru
  9563 | Lair:1   | Found a gate leading to a gauntlet.
  9582 | Gauntlet | Entered a Gauntlet
  9582 | Gauntlet | Noticed an oklob plant
  9582 | Gauntlet | Found a transporter.
  9582 | Gauntlet | Found a transporter.
  9598 | Gauntlet | Found a transporter.
  9602 | Gauntlet | Found a transporter.
  9615 | Gauntlet | Noticed a dire elephant
  9616 | Gauntlet | Found a transporter.
  9626 | Gauntlet | Noticed a green ugly thing
  9629 | Gauntlet | Noticed a glowing orange brain
  9629 | Gauntlet | Noticed a glowing orange brain
  9631 | Gauntlet | Found a transporter.
  9648 | Gauntlet | Found a transporter.
  9667 | Gauntlet | Found a transporter.
  9669 | Gauntlet | Found a transporter.
  9670 | Gauntlet | Noticed a hell hog
  9679 | Gauntlet | Found a transporter.
  9683 | Gauntlet | Found a transporter.
  9727 | Gauntlet | Found a transporter.
  9966 | Gauntlet | Killed a dire elephant
  9967 | Gauntlet | Reached skill level 11 in Fighting
 10132 | Gauntlet | Received a gift from Okawaru
 10192 | Gauntlet | Killed a glowing orange brain
 10197 | Gauntlet | Killed a glowing orange brain
 10207 | Gauntlet | Killed a green ugly thing
 10208 | Gauntlet | Reached XP level 12. HP: 110/110 MP: 11/11
 10253 | Gauntlet | Noticed a minotaur
 10273 | Gauntlet | Killed a minotaur
 10637 | Lair:1   | Reached skill level 1 in Dodging
 10892 | Lair:2   | Reached skill level 12 in Fighting
 10923 | Lair:2   | Reached ****** piety under Okawaru
 10923 | Lair:2   | Received a gift from Okawaru
 11252 | Lair:2   | Noticed Nergalle
 11275 | Lair:2   | Killed Nergalle
 11280 | Lair:2   | Reached skill level 13 in Fighting
 11498 | Lair:2   | Noticed a catoblepas
 11536 | Lair:2   | Killed a catoblepas
 11560 | Lair:2   | Received a gift from Okawaru
 11628 | Lair:2   | Noticed a boulder beetle
 11683 | Lair:2   | Killed a boulder beetle
 12020 | Lair:2   | Noticed an eight-headed hydra
 12028 | Lair:2   | Killed an eight-headed hydra
 12028 | Lair:2   | Received a gift from Okawaru
 12029 | Lair:2   | Reached XP level 13. HP: 123/123 MP: 12/12
 12073 | Lair:2   | Found a staircase to the Swamp.
 12089 | Lair:2   | Reached skill level 14 in Fighting
 12108 | Lair:2   | Reached skill level 5 in Dodging
 12709 | Lair:3   | Found a staircase to the Snake Pit.
 12790 | Lair:3   | Found an iron altar of Okawaru.
 12996 | Lair:3   | Received a gift from Okawaru
 13668 | Lair:3   | Reached skill level 15 in Fighting
 13938 | Lair:4   | Noticed Urug
 13971 | Lair:4   | Killed Urug
 14332 | Lair:4   | Received a gift from Okawaru
 14701 | Lair:4   | Noticed Kirke
 15254 | D:11     | Reached skill level 16 in Fighting
 15254 | D:11     | Reached XP level 14. HP: 137/137 MP: 13/13
 15288 | D:11     | Found a staircase to the Orcish Mines.
 15423 | D:11     | Received a gift from Okawaru
 15598 | D:11     | Acquired a +4 demon trident of electrocution
 15598 | D:11     | Received a gift from Okawaru
 16057 | D:11     | Found the +3 giant club "Skullcrusher" {speed, Str+7}
 16499 | Lair:4   | Killed Kirke
 17207 | Orc:1    | Entered Level 1 of the Orcish Mines
 17310 | Orc:1    | Found Tesuilif's General Store.
 17381 | Orc:1    | Received a gift from Okawaru
 17525 | Orc:1    | Reached skill level 17 in Fighting
 18097 | Orc:2    | Entered Level 2 of the Orcish Mines
 18097 | Orc:2    | Found a staircase to the Elven Halls.
 18356 | Orc:2    | Found Hepalyin's Book Boutique.
 18358 | Orc:2    | Paralysed by an orc sorcerer for 2 turns
 18431 | Orc:2    | Paralysed by an orc sorcerer for 2 turns
 18651 | Orc:2    | Received a gift from Okawaru
 18717 | Orc:2    | Found Arhathail's Antique Weapon Boutique.
 18718 | Orc:2    | Found Sihaol's Armour Shoppe.
 18727 | Orc:2    | Found Appixtom's Book Shoppe.
 19188 | Lair:5   | Entered Level 5 of the Lair of Beasts
 19236 | Lair:5   | Reached skill level 15 in Shields
 19254 | Lair:5   | Reached skill level 15 in Armour
 19822 | Lair:5   | Reached skill level 18 in Fighting
 19855 | Lair:5   | Reached XP level 15. HP: 115/149 MP: 14/14
 19867 | Lair:5   | Received a gift from Okawaru
 20249 | Lair:5   | Found a staircase to the Slime Pits.
 20249 | Lair:5   | Found a viscous altar of Jiyva.
 20835 | Swamp:1  | Entered Level 1 of the Swamp
 20945 | Swamp:1  | Received a gift from Okawaru
 21137 | Swamp:1  | Reached skill level 10 in Dodging
 21353 | Swamp:1  | Reached skill level 19 in Fighting
 21873 | Swamp:2  | Received a gift from Okawaru
 23066 | Swamp:3  | Noticed Roxanne
 23087 | Swamp:3  | Killed Roxanne
 23363 | Swamp:3  | Found a runed translucent door.
 23363 | Swamp:3  | Noticed ChronoRanger's ghost (journeyman MiFi)
 23391 | Swamp:3  | Killed ChronoRanger's ghost
 23639 | Swamp:3  | Received a gift from Okawaru
 23683 | Swamp:3  | Reached skill level 20 in Fighting
 23830 | Snake:1  | Entered Level 1 of the Snake Pit
 24446 | Snake:1  | Reached XP level 16. HP: 77/163 MP: 15/15
 25345 | Snake:1  | Found an iron altar of Okawaru.
 25984 | Snake:2  | Received a gift from Okawaru
 26283 | Snake:3  | Reached skill level 21 in Fighting
 26553 | Snake:3  | HP: 7/167 [shock serpent/bolt of electricity (25)]
 26555 | Snake:3  | Killed from afar by a shock serpent

Illustrated notes

Levels and vault maps discovered:
D:1:      mrwooster_arrival_arrow, layout_loops_ring, minmay_split_cup_large
D:2:      layout_rooms
D:3:      layout_loops_corners, nicolae_ru_the_path_less_chosen,
          portal_sewer_entry_a
D:4:      layout_cave_pods, item_on_display_b, uniq_crazy_yiuf_cottage
D:5:      layout_basic
D:6:      layout_cave_pools, nicolae_sif_muna_condensation,
          mainiacjoe_overflow_cross_hatched, nicolae_overflow_hidden_temple,
          temple_pool_b, minmay_increasing_density
D:7:      layout_loops_ring, mainiacjoe_overflow_paths, grunt_ministairs_12,
          minmay_misc_feat_more_columns, hangedman_decor_diamond_cutter
D:8:      layout_loops_ring, grunt_temple_overflow_lords_of_destruction,
          uniq_psyche
D:9:      layout_small_grid, fedhas_altar_4, gammafunk_ghost_grave,
          serial_bayou_crossing, uniq_erolcha
D:10:     layout_roguey, david_lair_shrubbed
D:11:     minmay_the_grid_net [minmay_the_grid_garden,
          minmay_the_grid_minigrid_medium, minmay_the_grid_small_cups,
          minmay_the_grid_aliased_spiral, minmay_the_grid_x,
          minmay_the_grid_prize_trominoes], layout_basic
Temple:   hellmonk_temple_flake
Lair:1:   layout_cave_pods, gauntlet_entry_generic
Lair:2:   layout_loops_ring, mainiacjoe_swamp_entry_angry_trees,
          nzn_random_ring, grunt_megastairs_3, uniq_nergalle
Lair:3:   layout_cave_pods, guppyfry_snake_entry_garden, basic_altar,
          infiniplex_staircase_pool_2, serial_bayou_shore_a
Lair:4:   layout_regular_city, grunt_megastairs_5, lemuel_fruit_fields,
          uniq_urug, uniq_kirke
Lair:5:   minmay_lair_end_enchanted_forest, layout_regular_city,
          dpeg_slime_entry_corner, serial_rivers,
          chequers_serial_rivers_large_a, chequers_serial_rivers_room_b,
          chequers_serial_rivers_room_b, chequers_serial_rivers_small_3,
          chequers_serial_rivers_small_a, chequers_serial_rivers_small_b,
          roderic_batcave, grunt_forest_small_clearing_treed, lemuel_fruit_tree
Swamp:1:  layout_falls_marsh, nicolae_swamp_bean_lake
Swamp:2:  layout_falls_marsh, nicolae_swamp_fairy_circle, swamp_pool_1_2
Swamp:3:  layout_basic_swamp, gammafunk_ghost_grave,
          evilmike_swamp_ruin_rubble_1, nicolae_swamp_decorative_isthmus,
          nicolae_swamp_tree_isthmus, uniq_roxanne
Snake:1:  layout_basic, hangedman_snake_thin_pillar_pass, lemuel_oklob_altar
Snake:2:  layout_misc_corridors
Snake:3:  layout_rooms, portal_ice_cave_entry_pillars_four
Orc:1:    nicolae_orc_accident_1, layout_caves, serial_shops, shop
Orc:2:    st_orc_elflike, layout_caves

Skill      XL: |  1  2  3  4  5  6  7  8  9 10 11 12 13 14 15 16 |
---------------+-------------------------------------------------+-----
Polearms       | 3 4 5 6 7 9 11 13 14 | 14.0
Fighting       | 4 5 6 7 8 9 11 13 16 18 20 21 | 21.4
Armour         | 4 5 6 7 8 9 11 12 14 15 16 17 | 17.4
Shields        | 4 5 6 7 8 9 11 12 14 15 | 15.0
Dodging        | 4 7 9 11 12 | 12.3

Action                     |  1- 3 |  4- 6 |  7- 9 | 10-12 | 13-15 | 16-18 || total
---------------------------+-------+-------+-------+-------+-------+-------++-------
  Melee: Trident           |   103 |   176 |   354 |   883 |   646 |       ||  2162
         Headbutt          |     9 |    22 |    42 |   168 |   319 |    30 ||   590
         Unarmed           |       |       |       |       |     5 |       ||     5
         Demon trident     |       |       |       |       |   959 |   256 ||  1215
 Invoke: Heroism           |       |       |       |     1 |     2 |       ||     3
         Receive Weapon    |       |       |       |       |     1 |       ||     1
    Use: Scroll            |     7 |       |     9 |     3 |    15 |       ||    34
         Potion            |       |     1 |       |     5 |     2 |       ||     8
   Stab: Sleeping          |       |     3 |       |       |       |       ||     3
         Petrified         |       |       |       |     4 |       |       ||     4
 Armour: Scale mail        |    34 |       |       |       |       |       ||    34
         Chain mail        |    22 |    20 |   221 |   160 |       |       ||   423
         Ring mail         |       |    75 |       |       |       |       ||    75
         Skin              |       |       |     5 |       |    12 |       ||    17
         Plate armour      |       |       |       |   254 |   782 |   104 ||  1140
  Dodge: Dodged            |    37 |    67 |    84 |   146 |   318 |    58 ||   710
  Block: Buckler           |     8 |    48 |   169 |   297 |   599 |    41 ||  1162
         Reflection        |       |     1 |     1 |    10 |    21 |    18 ||    51
         Other             |       |       |       |       |     4 |       ||     4
         Kite shield       |       |       |       |       |       |    89 ||    89

Table legend: (Time is in decaauts)
 A = Elapsed time spent in this place.
 B = Non-inter-level travel time spent in this place.
 C = Inter-level travel time spent in this place.
 D = Time resting spent in this place.
 E = Time spent auto-exploring this place.
 F = Levels seen in this place.
 G = Mean time per level.
                   A        B        C        D        E       F      G
               +--------+--------+--------+--------+--------+-----+--------+
         Total |  25772 |  24396 |   1376 |   1098 |  18171 |  27 |  954.5 |
       Dungeon |   9923 |   9424 |    499 |    186 |   7216 |  11 |  902.1 |
        Temple |     37 |     27 |     10 |      0 |      0 |   1 |   37.0 |
          Lair |   7284 |   6695 |    589 |    623 |   4621 |   5 | 1456.8 |
         Swamp |   2952 |   2803 |    149 |      0 |   2371 |   3 |  984.0 |
     Snake Pit |   2610 |   2543 |     67 |      0 |   2133 |   3 |  870.0 |
  Orcish Mines |   1761 |   1701 |     60 |    268 |   1148 |   2 |  880.5 |
         Sewer |    264 |    264 |      0 |      0 |    154 |   1 |  264.0 |
      Gauntlet |    938 |    938 |      0 |     20 |    528 |   1 |  938.0 |
               +--------+--------+--------+--------+--------+-----+--------+

Top non-repeatable levels by time:
  Lair:3: 1781 daAuts
 Snake:1: 1684 daAuts
  Lair:2: 1574 daAuts
  Lair:4: 1541 daAuts
  Lair:5: 1464 daAuts
     D:7: 1148 daAuts
 Swamp:3: 1135 daAuts
     D:6: 1127 daAuts
     D:9: 1126 daAuts
    D:11: 1056 daAuts
 Swamp:1: 1020 daAuts
Gauntlet: 938 daAuts
  Lair:1: 922 daAuts
     D:3: 908 daAuts
   Orc:2: 893 daAuts
